Cogmind - Beta 13 @@@ ROGUE MODE // 2024.07.21 @ 05:27:05 Player: jagoly Result: Destroyed by G-67 Veteran with Plasma Rifle Performance ------------- Evolutions (4) 2000 Regions Visited (16) 3200 Robots Destroyed (288) 1440 Value Destroyed (9913) 9913 Prototype IDs (49) 980 Alien Tech Used (0) 0 Bonus (5248) 5248 TOTAL SCORE: 22781 Bonus ------- High Alert Combat Kills 2123 Follower Combat Kills 1543 Entered Garrisons 200 Network Hubs Disabled 200 Met Data Miner 300 Acquired ECA 300 Built Enhanced Grunts 300 A7 Reached Mainframe 300 Met R17 at Cetus 500 Friendly Fire -518 Cogmind --------- Core Integrity 0/850 Matter 184/300 Energy 158/310 System Corruption 9% Temperature Warning (304) Movement Immobile (Siege) Location -6/Hub_04(d) Parts ------- > --- POWER (1) -------- Fission Core > --- PROPULSION (6) --- Improved Treads Improved Medium Treads Centrium Heavy Treads Centrium Heavy Treads > --- UTILITY (6) ------ Large Storage Unit Experimental Thermal Shield Improved Hacking Suite Makeshift System Shield > --- WEAPON (2) ------- Advanced KE Penetrator Advanced KE Penetrator > --- INVENTORY (15) --- F-cell Engine Quantum Reactor Cooled Aerolev Unit Advanced Power Amplifier Advanced Energy Well (500) Matter Compressor (250) Advanced Sensor Array Improved Signal Interpreter Encrypted Comm Array Improved Hacking Suite Impact Mace Peak State ------------ > --- POWER ------------ Quantum Reactor > --- PROPULSION ------- Centrium Heavy Treads Centrium Heavy Treads Gravmag Array > --- UTILITY ---------- Large Storage Unit Centrium Medium Armor Plating Centrium Medium Armor Plating Hacking Suite Improved Hacking Suite Makeshift System Shield > --- WEAPON ----------- Advanced KE Penetrator Advanced KE Penetrator > --- INVENTORY -------- Light Angular Momentum Engine Fission Core Carbon-fiber Leg Advanced Power Amplifier Advanced Heat Sink Matter Compressor Advanced Sensor Array Improved Signal Interpreter Encrypted Comm Array Improved Transmission Jammer Plasma Cannon Advanced KE Penetrator Long-range Missile Launcher Impact Mace [Rating: 109] Favorites ----------- Power Heavy Ion Engine Engine Heavy Ion Engine Power Core Fission Core Reactor Quantum Reactor Propulsion Light Treads Treads Light Treads Leg Carbon-fiber Leg Hover Unit Cooled Airjet Utility Large Storage Unit Device Heat Sink Storage Large Storage Unit Processor Advanced Targeting Computer Hackware Hacking Suite Protection Centrium Medium Armor Plating Weapon Advanced KE Penetrator Energy Gun Wave Gun Energy Cannon Heavy Particle Cannon Ballistic Gun Advanced KE Penetrator Ballistic Cannon Bore Cannon Launcher Long-range Missile Launcher Impact Weapon Impact Mace Special Melee Weapon Improved Datajack Build | -11 -10 -9 -9 -8 -8 -8 -7 -7 -7 -7 -6 -6 -6 -6 -6 -6 ------- Run | Yrd Mat Mat Min Mat Gar Mat Fac Low Low Dat Pro Fac Ext Cet Arc Hub Slots Evolved 8 | . . 2 . 2 . . 2 . . . . 2 . . . . Power . | . . . . . . . . . . . . . . . . . Propulsion 4 | . . 1 . . . . 2 . . . . 1 . . . . Utility 4 | . . 1 . 2 . . . . . . . 1 . . . . Weapon . | . . . . . . . . . . . . . . . . . Parts Attached 306 | 6 18 27 . 25 27 18 44 4 11 . 13 30 19 23 16 25 Power 34 | 1 3 4 . 3 2 2 4 1 . . 2 3 2 1 3 3 Engine 19 | 1 3 4 . 3 1 . 3 . . . 2 1 . . . 1 Core 13 | . . . . . 1 2 1 1 . . . 2 2 . 3 1 Reactor 2 | . . . . . . . . . . . . . . 1 . 1 Propulsion 86 | 2 9 10 . 9 13 7 11 . 2 . . 10 1 5 3 4 Treads 36 | . 2 10 . 6 10 . . . . . . . . 2 2 4 Leg 20 | 2 7 . . 3 3 3 . . . . . . . 1 1 . Wheel . | . . . . . . . . . . . . . . . . . Hover 30 | . . . . . . 4 11 . 2 . . 10 1 2 . . Flight . | . . . . . . . . . . . . . . . . . Utility 99 | 1 3 8 . 9 7 5 14 . 7 . 5 7 6 6 10 11 Device 51 | . . 2 . 4 3 . 10 . 4 . 4 6 6 2 3 7 Storage 7 | 1 2 1 . 1 . . . . . . . . . . 1 1 Processor 7 | . 1 1 . 1 . 1 1 . . . . . . 1 1 . Hackware 7 | . . . . 1 . 1 1 . 1 . . 1 . . 2 . Protection 27 | . . 4 . 2 4 3 2 . 2 . 1 . . 3 3 3 Artifact . | . . . . . . . . . . . . . . . . . Weapon 87 | 2 3 5 . 4 5 4 15 3 2 . 6 10 10 11 . 7 Energy Gun 19 | . . 2 . 1 1 . 8 . . . . 4 2 1 . . Energy Cannon 11 | . 1 1 . 3 1 1 2 1 . . . . . 1 . . Ballistic Gun 33 | 2 2 2 . . 3 2 1 1 2 . 3 6 2 3 . 4 Ballistic Cannon 7 | . . . . . . . 1 . . . . . 3 3 . . Launcher 9 | . . . . . . . . 1 . . 3 . 1 2 . 2 Special Weapon . | . . . . . . . . . . . . . . . . . Impact Weapon 7 | . . . . . . 1 3 . . . . . 2 1 . . Slashing Weapon . | . . . . . . . . . . . . . . . . . Piercing Weapon . | . . . . . . . . . . . . . . . . . Special Melee Weapon 1 | . . . . . . . . . . . . . . . . 1 Unidentified Prototypes 23 | . . 1 . 2 . 2 7 . . . 1 2 . 4 3 1 Corrupted Parts 2 | . . . . . . . . . . . . . . 2 . . System Corruption 10 | . . . . . . . . . . . . . . 10 . . Parts Lost 40 | . 1 3 . 2 4 2 3 . 1 . 3 5 6 4 . 6 Power 2 | . . . . . . . . . . . 1 . . . . 1 Propulsion 10 | . . 1 . . 1 . . . 1 . 1 1 2 2 . 1 Utility 13 | . . . . 2 2 2 . . . . 1 2 1 1 . 2 Weapon 15 | . 1 2 . . 1 . 3 . . . . 2 3 1 . 2 Highest Loss Streak 3 | . 1 1 . 2 1 1 1 . 1 . 2 2 3 3 . 2 To Critical Strikes 2 | . . . . . 1 . . . . . . . . 1 . . Average Slot Usage (%) 93 | . 99 99 100 97 99 99 99 100 99 100 92 91 82 74 79 84 Engine 5 | . 14 11 11 9 5 5 3 . . . 4 3 . . . . Core 2 | . . . . . 3 3 2 6 7 7 2 2 6 3 1 5 Treads 12 | . 5 32 33 22 23 . . . . . . . . 4 15 24 Leg 4 | . 22 . . 4 3 17 . . . . . . . 1 . . Hover 11 | . . . . . . 9 37 38 37 38 30 32 23 9 3 . Device 5 | . . 8 . 7 9 7 5 7 6 . 6 5 5 3 . 4 Storage 8 | . 14 11 11 9 9 9 7 7 7 7 7 6 6 6 6 6 Processor 7 | . 13 11 11 9 9 9 7 7 7 7 7 6 6 3 . . Hackware 11 | . . . . 8 9 10 15 15 15 15 15 19 20 20 21 19 Protection 3 | . . 2 11 8 8 8 . . . 7 . . . 4 9 7 Energy Gun 3 | . . 4 . . 5 9 10 . . . . . 3 . . . Energy Cannon 2 | . . 4 . 11 5 . 2 6 2 . . . . . . . Ballistic Gun 11 | . 27 13 22 6 7 8 . 7 11 15 13 12 4 4 13 12 Naked Turns . | . . . . . . . . . . . . . . . . . Heaviest Build 95 | 14 88 95 39 45 59 41 47 41 48 42 44 53 53 61 66 66 Greatest Support 220 | 20 40 66 66 66 60 42 48 47 47 38 43 64 63 160 206 220 Greatest Overweight (x) 3 | 1 2 1 . 1 1 1 3 . 1 1 1 1 1 1 . . Average Overweight (x) . | . . . . . . . . . . 1 . . . . . . Largest Inventory Capacity 25 | 8 25 25 15 15 15 15 15 15 15 15 15 15 15 15 15 15 Average Capacity 15 | 6 11 21 15 15 15 15 15 15 15 15 15 15 15 15 15 15 Most Carried 25 | 3 8 25 15 15 15 15 15 15 15 13 15 15 15 15 15 15 Average Carried 14 | 1 7 18 14 14 14 14 14 14 13 13 13 14 14 14 14 14 Final Capacity 25 | 8 25 15 15 15 15 15 15 15 15 15 15 15 15 15 15 15 Final Carried 15 | 3 6 15 15 15 15 15 14 15 13 13 13 15 15 14 15 11 Class Distribution -------------------- 36% | Hacker-Mutant 35% | Scavenger-Mutant 28% | Mutant Dominant Class ---------------- Mutant | -10/Materials Scavenger-Mutant | -9/Materials Mutant | -9/Mines Scavenger-Mutant | -8/Materials Scavenger-Mutant | -8/Garrison Mutant | -8/Materials Hacker-Mutant | -7/Factory Hacker-Mutant | -7/Lower Caves Hacker-Mutant | -7/Lower Caves Hacker-Mutant | -7/Data Miner Hacker-Mutant | -6/Proximity Caves Hacker-Mutant | -6/Factory Hacker-Mutant | -6/Extension Hacker-Mutant | -6/Cetus Scavenger-Mutant | -6/Archives Scavenger-Mutant | -6/Hub_04(d) Resources | -11 -10 -9 -9 -8 -8 -8 -7 -7 -7 -7 -6 -6 -6 -6 -6 -6 ----------- Run | Yrd Mat Mat Min Mat Gar Mat Fac Low Low Dat Pro Fac Ext Cet Arc Hub Matter Collected 6323 | 178 536 568 . 336 485 431 563 83 131 . 436 365 785 371 413 642 Remotely . | . . . . . . . . . . . . . . . . . Salvage Created 10433 | . 744 1921 . 629 1130 1156 1263 106 144 . 599 442 608 117 364 1210 Parts 579 | . 49 114 . 39 65 66 43 9 9 . 22 38 23 2 32 68 Haulers Intercepted 20 | . 2 5 . . . 5 4 . . . 1 1 . . . 2 Recyclers Shooed 9 | . . 2 . . . 1 1 . . . . 4 . . . 1 Parts Field Recycled . | . . . . . . . . . . . . . . . . . Retrieved Matter . | . . . . . . . . . . . . . . . . . Parts Self-Destructed 42 | . . . . . . . . 9 16 . 17 . . . . . Prevented 3 | . . . . . . . . . 3 . . . . . . . Kills | -11 -10 -9 -9 -8 -8 -8 -7 -7 -7 -7 -6 -6 -6 -6 -6 -6 ------- Run | Yrd Mat Mat Min Mat Gar Mat Fac Low Low Dat Pro Fac Ext Cet Arc Hub Combat Hostiles Destroyed 205 | . 16 31 . 16 35 18 21 5 3 . 17 7 13 3 1 19 Melee 4 | . . . . . . . 1 . . . . . 3 . . . Guns 111 | . 14 15 . 4 17 18 15 . 1 . 9 7 1 . 1 9 Cannons 56 | . 2 14 . 12 18 . 2 1 2 . . . 2 3 . . AOE 26 | . . . . . . . . 4 . . 8 . 5 . . 9 Classes Destroyed 19 | . 6 4 . . 3 1 1 . . . 1 . . . . 3 Worker 24 | . 1 5 . . . . 1 . . . . 1 . . . 16 Builder 4 | . . . . . . 1 . . . . . 2 . . . 1 Tunneler 2 | . . . . . . . . . . . . . . . . 2 Hauler 20 | . 2 5 . . . 5 4 . . . 1 1 . . . 2 Recycler 5 | . . 3 . . . 2 . . . . . . . . . . Mechanic 1 | . . 1 . . . . . . . . . . . . . . Operator 15 | . 1 1 . . . 1 2 . . . . . 1 . 9 . Drone 2 | . . . . . . . . . . . 2 . . . . . Watcher 12 | . 2 3 . . . 4 1 . . . . . 1 1 . . Swarmer 54 | . 3 7 . 5 16 5 4 4 . . 3 3 4 . . . Grunt 88 | . 13 16 . 6 6 7 12 . 3 . 11 . 3 2 . 9 Brawler 2 | . . . . . 1 . . . . . 1 . . . . . Duelist 3 | . . 1 . . 1 . . . . . . . . . . 1 Protector 1 | . . . . . . . . . . . . . . . . 1 Sentry 36 | . . 7 . 5 9 6 2 . . . . . 5 . 1 1 Specialist 1 | . . . . . 1 . . . . . . . . . . . Hunter 5 | . . . . . . . 2 . . . . 1 1 . . 1 Programmer 7 | . . . . . 1 . 1 1 . . . 3 . . . 1 Heavy 2 | . . . . . . . . . . . . . . . . 2 Cetus Guard 1 | . . . . . . . . . . . . . . 1 . . Lightning 3 | . . . . . . . . . . . . . . . . 3 Best Kill Streak 19 | . 3 6 . 4 5 8 5 4 3 . 8 3 5 2 2 19 Combat Bots Only 10 | . 3 4 . 4 5 4 5 4 3 . 8 3 5 2 1 10 Max Kills in Single Turn 12 | . 1 1 . 1 2 2 1 4 1 . 3 2 3 1 1 12 Gunslinging 1 | . . . . . . . . . . . . . . . . 1 Exploded 4 | . . . . . . . . 4 . . 3 . 3 . . 3 Melee 1 | . . . . . . . 1 . . . . . 1 . . . Uniques/NPCs Destroyed . | . . . . . . . . . . . . . . . . . Combat | -11 -10 -9 -9 -8 -8 -8 -7 -7 -7 -7 -6 -6 -6 -6 -6 -6 -------- Run | Yrd Mat Mat Min Mat Gar Mat Fac Low Low Dat Pro Fac Ext Cet Arc Hub Hostile Shots Fired 1312 | . 53 129 . 120 185 50 163 . 20 . 44 138 165 34 9 202 Missed 384 | . 14 23 . 37 49 8 64 . 3 . 13 60 68 12 2 31 Damage Taken 13106 | . 446 1298 . 1089 1678 576 1246 . 274 . 572 926 866 464 163 3508 Core 1939 | . 80 206 . 123 258 116 217 . 28 . 60 139 153 107 . 452 Absorbed by Shields 794 | . . . . 50 . . . . . . 10 253 284 125 . 72 Reduced by Siege Mode 142 | . . . . . . . . . . . . . . . . 142 Ignored by Resistances 155 | . . . . 34 . . . . . . . . . 34 . 87 Regen/Repaired (Parts) 202 | . . . . . . . 65 . . . . 137 . . . . Core Remaining (%) 56 | 100 68 . 48 . . 9 . . . . 56 . . . . . Volleys Fired 705 | . 66 125 . 48 91 63 87 2 9 . 46 28 22 14 49 55 Largest 2 | . 2 2 . 2 2 2 2 2 2 . 2 2 2 2 2 2 Hottest 171 | . 80 116 . 150 171 109 171 118 123 . 61 63 100 133 70 70 Shots Fired 1263 | . 132 250 . 96 165 127 151 3 18 . 63 51 38 18 55 96 Gun 965 | . 128 169 . 32 90 127 142 1 9 . 51 51 26 . 55 84 Cannon 265 | . 4 81 . 64 75 . 9 1 9 . . . 10 12 . . Launcher 33 | . . . . . . . . 1 . . 12 . 2 6 . 12 Special . | . . . . . . . . . . . . . . . . . Kinetic 649 | . 128 82 . 32 50 64 8 1 9 . 51 51 24 10 55 84 Thermal 581 | . 4 168 . 64 115 63 143 1 9 . . . 12 2 . . Explosive 33 | . . . . . . . . 1 . . 12 . 2 6 . 12 Electromagnetic . | . . . . . . . . . . . . . . . . . Robot Hit Streak 18 | . 10 15 . 13 13 14 18 13 6 . 8 10 8 9 17 7 Robot Miss Streak 10 | . 4 5 . 3 5 6 3 . 1 . 2 3 10 2 4 3 Penetration Max 2 | . . . . . . . . . . . 1 2 . 1 1 1 Secondary Targets 12 | . 3 1 . 2 2 1 . . . . . 1 . . 1 1 Max Gunslinging Chain 1 | . 1 1 . 1 1 1 . . . . . 1 . . 1 1 Shots Hit Robots 871 | . 80 165 . 68 106 94 126 1 11 . 40 36 33 14 34 63 Core Hits 543 | . 36 64 . 25 76 86 48 5 6 . 35 24 17 22 20 79 Critical Kills 16 | . 1 1 . . . . . . . . 1 1 2 2 3 5 Critical Parts Destroyed 27 | . 2 1 . . . . 2 . . . . 4 1 1 7 9 Critical Strikes 66 | . 3 10 . . 2 . 11 . . . 1 5 6 3 10 15 Burn 20 | . . 8 . . 2 . 9 . . . . . 1 . . . Meltdown 1 | . . 1 . . . . . . . . . . . . . . Destroy 41 | . 3 1 . . . . . . . . 1 5 3 3 10 15 Smash 4 | . . . . . . . 2 . . . . . 2 . . . Melee Attacks 33 | . . . . . . 1 11 . . . . . 14 7 . . Impact 33 | . . . . . . 1 11 . . . . . 14 7 . . Slashing . | . . . . . . . . . . . . . . . . . Piercing . | . . . . . . . . . . . . . . . . . Sneak Attacks 2 | . . . . . . . 1 . . . . . 1 . . . Combat Hostiles 1 | . . . . . . . 1 . . . . . . . . . Follow-up Attacks . | . . . . . . . . . . . . . . . . . Damage Inflicted 24942 | . 1008 2627 . 1467 2561 1970 3140 255 323 . 2127 953 1461 817 1032 5201 Guns 13816 | . 954 1647 . 392 1545 1970 2515 . 122 . 682 953 311 . 1032 1693 Cannons 3942 | . 54 909 . 1075 1016 . 206 45 201 . . . 142 294 . . Explosions 6318 | . . 71 . . . . . 210 . . 1445 . 561 523 . 3508 Melee 866 | . . . . . . . 419 . . . . . 447 . . . Ramming . | . . . . . . . . . . . . . . . . . Kinetic 8919 | . 954 766 . 392 772 867 160 . 122 . 682 953 282 244 1032 1693 Thermal 8839 | . 54 1790 . 1075 1789 1103 2561 45 201 . . . 171 50 . . Explosive 4775 | . . 71 . . . . . 210 . . 1445 . 561 523 . 1965 Electromagnetic 1543 | . . . . . . . . . . . . . . . . 1543 Impact 866 | . . . . . . . 419 . . . . . 447 . . . Slashing . | . . . . . . . . . . . . . . . . . Piercing . | . . . . . . . . . . . . . . . . . Highest Corruption 11 | . . . . . 1 2 1 . . . . 1 1 10 1 11 Average Corruption 2 | . . . . . 1 1 1 . . . . 1 1 4 1 8 Corruption Purged 19 | . . . . . . . 1 . . . . . 1 9 1 7 Corruption Blocked . | . . . . . . . . . . . . . . . . . Effects 57 | . . . . . 10 17 . . . . . 5 3 4 6 12 Message Errors 16 | . . . . . 4 6 . . . . . 1 . 1 2 2 Matter Fused 18 | . . . . . . 8 . . . . . 2 2 1 2 3 Heat Flow Errors 8 | . . . . . 1 2 . . . . . 1 1 . . 3 Energy Discharges 5 | . . . . . 2 . . . . . . . . 1 1 1 Parts Fused 1 | . . . . . 1 . . . . . . . . . . . Data Loss (minor) 5 | . . . . . 2 . . . . . . 1 . . . 2 Misfires 2 | . . . . . . 1 . . . . . . . . 1 . Alerts 1 | . . . . . . . . . . . . . . 1 . . Weapon Failures 1 | . . . . . . . . . . . . . . . . 1 Overload Shots 4 | . . . . . . . . . . . . . 4 . . . Overflow Damage 448 | . . 5 . 15 5 . 220 . . . . . 134 . . 69 Projectiles 25 | . . 5 . 15 5 . . . . . . . . . . . Explosions 92 | . . . . . . . . . . . . . 23 . . 69 Melee 331 | . . . . . . . 220 . . . . . 111 . . . Knockbacks 7 | . . . . . . . 5 . . . . . 1 1 . . Impact 6 | . . . . . . . 5 . . . . . 1 . . . Kinetic 1 | . . . . . . . . . . . . . . 1 . . Secondary . | . . . . . . . . . . . . . . . . . Self-Inflicted Damage 272 | . . 115 . . . . . . . . 40 . 13 . . 104 Shots 5 | . . 2 . . . . . . . . 1 . 1 . . 1 Rammed . | . . . . . . . . . . . . . . . . . Targets Rammed . | . . . . . . . . . . . . . . . . . Kicked . | . . . . . . . . . . . . . . . . . Crushed . | . . . . . . . . . . . . . . . . . Highest Temperature 601 | . 72 213 . 234 401 376 337 42 601 . 21 159 83 92 2 277 Average Temperature 83 | . 18 57 . 79 104 90 94 25 324 . 7 32 22 30 2 69 Received Heat Transfer 3459 | . 219 369 . 552 549 198 396 . 135 . 140 132 194 48 . 527 Effects 10 | . . . . . 2 2 . . 5 . . . . . . 1 Shutdowns 3 | . . . . . 1 . . . 2 . . . . . . . Energy Bleed 5 | . . . . . 1 2 . . 1 . . . . . . 1 Short Circuit 2 | . . . . . . . . . 2 . . . . . . . Siege Activations 4 | . . . . . . . . . . . . . . . . 4 Total Turns 43 | . . . . . . . . . . . . . . . . 43 Longest Duration 22 | . . . . . . . . . . . . . . . . 22 Robots Corrupted 1 | . . . . . . . . . . . . . . . . 1 Combat Hostiles 1 | . . . . . . . . . . . . . . . . 1 Parts Fried 10 | . . . . . . . 3 . . . . . 3 . . 4 Impact Corruptions 14 | . . . . . . . 8 . . . . . 6 . . . Robots Melted 5 | . . 2 . . . . 2 . . . . . 1 . . . Combat Hostiles 5 | . . 2 . . . . 2 . . . . . 1 . . . Parts Melted 36 | . . 11 . 6 4 2 12 . . . . . 1 . . . Heat Transferred 16477 | . 111 4773 . 1591 2735 1702 4847 37 222 . . . 359 100 . . Parts Sabotaged . | . . . . . . . . . . . . . . . . . Parts Stolen . | . . . . . . . . . . . . . . . . . Parts Stripped . | . . . . . . . . . . . . . . . . . Power Chain Reactions . | . . . . . . . . . . . . . . . . . Alert | -11 -10 -9 -9 -8 -8 -8 -7 -7 -7 -7 -6 -6 -6 -6 -6 -6 ------- Run | Yrd Mat Mat Min Mat Gar Mat Fac Low Low Dat Pro Fac Ext Cet Arc Hub Peak Influence 1614 | . 232 467 158 345 1475 1070 945 . . . . 565 496 479 407 1614 Initial 718 | . . 33 148 61 213 718 486 . . . . 372 70 277 168 52 Average 466 | . 100 294 150 182 973 900 710 . . . . 256 149 413 263 924 Maximum Alert Level 5 | . 1 2 . 1 4 3 3 . . . . 2 2 2 2 5 Low Security (%) 30 | 100 96 19 100 65 . . . . . . . 38 70 . 26 27 Level 1 24 | . 3 51 . 34 10 . . . . . . 36 19 23 70 7 Level 2 17 | . . 28 . . 13 . 44 . . . . 24 10 76 2 3 Level 3 17 | . . . . . 26 100 55 . . . . . . . . 8 Level 4 8 | . . . . . 49 . . . . . . . . . . 48 Level 5 . | . . . . . . . . . . . . . . . . 5 High Security . | . . . . . . . . . . . . . . . . . Max Security . | . . . . . . . . . . . . . . . . . Squads Dispatched 39 | . 4 5 1 6 . 1 8 . . . . 3 1 1 . 9 Investigation 9 | . 3 2 1 . . 1 1 . . . . . . 1 . . Extermination 2 | . . . . . . . . . . . . 1 . . . 1 Reinforcement 19 | . 1 3 . 1 . . 6 . . . . 2 1 . . 5 Assault 4 | . . . . . . . 1 . . . . . . . . 3 Garrison 5 | . . . . 5 . . . . . . . . . . . . Intercept . | . . . . . . . . . . . . . . . . . Searches Triggered 1 | . . . . . . . . . . . . 1 . . . . Construction Impeded 5 | . . 1 . 1 . . . . . . . 1 1 . . 1 Haulers Reinforced 4 | . . . . . . . 3 . . . . 1 . . . . Active Scanning Responses . | . . . . . . . . . . . . . . . . . Cargo Convoy Interrupts 1 | . . . . . . . . . . . . 1 . . . . Stealth | -11 -10 -9 -9 -8 -8 -8 -7 -7 -7 -7 -6 -6 -6 -6 -6 -6 --------- Run | Yrd Mat Mat Min Mat Gar Mat Fac Low Low Dat Pro Fac Ext Cet Arc Hub Distress Signals 19 | . . 7 . 1 . 2 1 . . . . 1 1 2 . 4 Communications Jammed . | . . . . . . . . . . . . . . . . . Distress Signals . | . . . . . . . . . . . . . . . . . Times Spotted 385 | . 32 53 . 18 41 25 40 . 5 . 18 33 25 13 30 52 Peak Tracking Total 18 | . 5 6 . 4 9 3 8 . 4 . 5 18 6 5 2 15 Tactical Retreats 23 | . 1 2 . . 4 1 5 . . . . 8 2 . . . Traps | -11 -10 -9 -9 -8 -8 -8 -7 -7 -7 -7 -6 -6 -6 -6 -6 -6 ------- Run | Yrd Mat Mat Min Mat Gar Mat Fac Low Low Dat Pro Fac Ext Cet Arc Hub Traps Triggered 14 | . 2 2 . . . 1 2 . . . . 3 2 . . 2 Indirectly . | . . . . . . . . . . . . . . . . . Trap Hack Attempts 2 | . . . . . . . . . . . . . . . . 2 Triggered . | . . . . . . . . . . . . . . . . . Disarmed . | . . . . . . . . . . . . . . . . . Reprogrammed 1 | . . . . . . . . . . . . . . . . 1 Reused . | . . . . . . . . . . . . . . . . . Traps Extracted . | . . . . . . . . . . . . . . . . . Installed . | . . . . . . . . . . . . . . . . . Triggered 4 | . . . 1 . . . . 2 1 . . . . . . . Machines | -11 -10 -9 -9 -8 -8 -8 -7 -7 -7 -7 -6 -6 -6 -6 -6 -6 ---------- Run | Yrd Mat Mat Min Mat Gar Mat Fac Low Low Dat Pro Fac Ext Cet Arc Hub Machines Disabled 31 | . . 5 . 1 4 . 2 . . . . . 1 . 7 11 Max in Single Turn 4 | . . 2 . 1 2 . 1 . . . . . . . 1 4 Garrison Access 4 | . . . . . . 1 2 . . . . 1 . . . . Garrison Relay 2 | . . . . . 2 . . . . . . . . . . . Phase Generator 1 | . . . . . 1 . . . . . . . . . . . Network Hub 1 | . . . . . . . . . . . . . . . . 1 Machines Repaired . | . . . . . . . . . . . . . . . . . Machines Dismantled . | . . . . . . . . . . . . . . . . . Machines Sabotaged . | . . . . . . . . . . . . . . . . . Overloaded Fab Kills . | . . . . . . . . . . . . . . . . . Hacking | -11 -10 -9 -9 -8 -8 -8 -7 -7 -7 -7 -6 -6 -6 -6 -6 -6 --------- Run | Yrd Mat Mat Min Mat Gar Mat Fac Low Low Dat Pro Fac Ext Cet Arc Hub Machines Accessed 72 | . 5 8 1 2 3 9 11 2 2 4 . 11 6 3 1 4 Terminals 43 | . 4 7 . 1 3 7 2 . . . . 7 5 3 . 4 Fabricators 4 | . . . . . . . 3 . . . . 1 . . . . Repair Stations 2 | . . . . . . . 1 . . . . 1 . . . . Recycling Units 7 | . 1 1 . . . 1 2 . . . . 1 1 . . . Scanalyzers . | . . . . . . . . . . . . . . . . . Garrison Access 6 | . . . . 1 . 1 3 . . . . 1 . . . . Total Hacks 235 | . 8 25 1 2 7 23 24 7 8 29 . 29 19 13 25 15 Successful 144 | . 5 9 1 1 3 12 11 7 8 29 . 14 7 5 25 7 Failed 91 | . 3 16 . 1 4 11 13 . . . . 15 12 8 . 8 Catastrophic 22 | . 2 2 . 1 1 4 3 . . . . 5 . 1 . 3 Database Lockouts . | . . . . . . . . . . . . . . . . . Manual 43 | . 1 7 . . . 2 6 . . . . 11 4 1 . 11 Terminals 132 | . 7 24 . 1 7 20 8 . . . . 20 17 13 . 15 Fabricators 8 | . . . . . . . 5 . . . . 3 . . . . Repair Stations 4 | . . . . . . . 2 . . . . 2 . . . . Recycling Units 11 | . 1 1 . . . 2 3 . . . . 2 2 . . . Scanalyzers . | . . . . . . . . . . . . . . . . . Garrison Access 10 | . . . . 1 . 1 6 . . . . 2 . . . . Terminal Hacks 123 | . 4 8 1 . 3 9 2 7 8 29 . 9 7 5 25 6 Record 55 | . . . . . . . . 6 7 11 . . 2 4 25 . Part Schematic 10 | . . . . . . . . . . 10 . . . . . . Robot Schematic 5 | . . . . . . . . . . 5 . . . . . . Robot Analysis 3 | . . 1 . . . 1 . . . . . . . . . 1 Prototype ID Bank 13 | . 1 1 . . . 2 . . . 3 . 3 1 . . 2 Open Door 5 | . . . 1 . 1 . . 1 1 . . . . 1 . . Branch Access Points 2 | . . 1 . . . . 1 . . . . . . . . . Emergency Access Points 3 | . . 1 . . 1 1 . . . . . . . . . . Terminal Index 3 | . . . . . . 1 . . . . . . 1 . . 1 Alert Level 1 | . 1 . . . . . . . . . . . . . . . Unreport Threat 10 | . . 2 . . . . 1 . . . . 3 2 . . 2 Locate Traps 4 | . 1 . . . . 1 . . . . . 1 1 . . . Hauler Manifests 2 | . . . . . . 1 . . . . . 1 . . . . Registered Components 3 | . 1 1 . . . 1 . . . . . . . . . . Registered Prototypes 3 | . . 1 . . . 1 . . . . . 1 . . . . Garrison Registry 1 | . . . . . 1 . . . . . . . . . . . Fabricator Hacks 1 | . . . . . . . 1 . . . . . . . . . Network Status 1 | . . . . . . . 1 . . . . . . . . . Repair Station Hacks 4 | . . . . . . . 2 . . . . 2 . . . . Scan Component 2 | . . . . . . . 1 . . . . 1 . . . . Repair 2 | . . . . . . . 1 . . . . 1 . . . . Recycling Unit Hacks 6 | . 1 1 . . . 1 2 . . . . 1 . . . . Retrieve Components 6 | . 1 1 . . . 1 2 . . . . 1 . . . . Scanalyzer . | . . . . . . . . . . . . . . . . . Garrison Access Hacks 5 | . . . . 1 . 1 2 . . . . 1 . . . . Unlock Access 1 | . . . . 1 . . . . . . . . . . . . Seal Access 4 | . . . . . . 1 2 . . . . 1 . . . . Unauthorized Hacks 5 | . . . . . . 1 2 . . . . 1 . . . 1 Terminals 1 | . . . . . . . . . . . . . . . . 1 Operators 1 | . . . . . . . . . . . . . . . . 1 Fabricators 3 | . . . . . . . 2 . . . . 1 . . . . Liberate 3 | . . . . . . . 2 . . . . 1 . . . . Repair Stations . | . . . . . . . . . . . . . . . . . Recycling Units 1 | . . . . . . 1 . . . . . . . . . . Mask 1 | . . . . . . 1 . . . . . . . . . . Scanalyzers . | . . . . . . . . . . . . . . . . . Garrison Access . | . . . . . . . . . . . . . . . . . Data Cores Recovered 2 | . . . . . . 1 . . . . . . . . . 1 Used . | . . . . . . . . . . . . . . . . . Hacking Detections 49 | . 3 7 . 1 2 8 7 . . . . 9 6 2 . 4 Full Trace Events 5 | . 1 . . . . 2 1 . . . . . . 1 . . Feedback Events . | . . . . . . . . . . . . . . . . . Feedback Blocked . | . . . . . . . . . . . . . . . . . Robot Schematics Acquired 5 | . . . . . . . . . . 5 . . . . . . Robots Built . | . . . . . . . . . . . . . . . . . Authchips . | . . . . . . . . . . . . . . . . . Time . | . . . . . . . . . . . . . . . . . Total Robot Build Rating . | . . . . . . . . . . . . . . . . . Part Schematics Acquired 10 | . . . . . . . . . . 10 . . . . . . Parts Built . | . . . . . . . . . . . . . . . . . Authchips . | . . . . . . . . . . . . . . . . . Time . | . . . . . . . . . . . . . . . . . Total Part Build Rating . | . . . . . . . . . . . . . . . . . Parts Repaired 2 | . . . . . . . 1 . . . . 1 . . . . Time 84 | . . . . . . . 56 . . . . 28 . . . . Parts Recycled . | . . . . . . . . . . . . . . . . . Recycled Matter . | . . . . . . . . . . . . . . . . . Retrieved Matter . | . . . . . . . . . . . . . . . . . Retrieved Components 31 | . 9 10 . . . . 10 . . . . 2 . . . . Parts Scanalyzed . | . . . . . . . . . . . . . . . . . Part Schematics Acquired . | . . . . . . . . . . . . . . . . . Parts Damaged . | . . . . . . . . . . . . . . . . . Bothacking | -11 -10 -9 -9 -8 -8 -8 -7 -7 -7 -7 -6 -6 -6 -6 -6 -6 ------------ Run | Yrd Mat Mat Min Mat Gar Mat Fac Low Low Dat Pro Fac Ext Cet Arc Hub Used RIF Installer . | . . . . . . . . . . . . . . . . . Robots Hacked . | . . . . . . . . . . . . . . . . . Non-combat . | . . . . . . . . . . . . . . . . . Combat . | . . . . . . . . . . . . . . . . . Robot Hacks Applied . | . . . . . . . . . . . . . . . . . Relay Couplers Released 9 | . . . . . 9 . . . . . . . . . . . Machine Destruction 6 | . . . . . 6 . . . . . . . . . . . Programmers 3 | . . . . . 3 . . . . . . . . . . . Fabnet Peak Effective % . | . . . . . . . . . . . . . . . . . Robots Rewired 4 | . . . . . . . . . . . . . 4 . . . Allies Hacked . | . . . . . . . . . . . . . . . . . Hacks Repelled . | . . . . . . . . . . . . . . . . . Allies | -11 -10 -9 -9 -8 -8 -8 -7 -7 -7 -7 -6 -6 -6 -6 -6 -6 -------- Run | Yrd Mat Mat Min Mat Gar Mat Fac Low Low Dat Pro Fac Ext Cet Arc Hub Total Allies 23 | . . . . . 1 . 4 . . . . . 13 5 . . Largest Group 8 | . . . . . 1 . 2 . . . . . 7 8 7 4 Highest-Rated Group 696 | . . . . . 20 . 74 . . . . . 338 696 662 377 Highest-Rated Ally 159 | . . . . . 20 . 37 . . . . . 159 159 143 96 Total Orders 13 | . . . . . . . . . 13 . . . . . . . EXPLORE 10 | . . . . . . . . . 10 . . . . . . . RETURN 3 | . . . . . . . . . 3 . . . . . . . Ally Attacks 195 | . . . . . 3 . 3 . . . . . 40 51 26 72 Total Damage 5635 | . . . . . 50 . 46 . . . . . 1117 1042 621 2759 Kills 43 | . . . . . . . . . . . . . 7 10 3 23 Allies Corrupted 2 | . . . . . . . . . . . . . . . . 2 Allies Melted . | . . . . . . . . . . . . . . . . . Intel | -11 -10 -9 -9 -8 -8 -8 -7 -7 -7 -7 -6 -6 -6 -6 -6 -6 ------- Run | Yrd Mat Mat Min Mat Gar Mat Fac Low Low Dat Pro Fac Ext Cet Arc Hub Robot Analysis Total 3 | . . 1 . . . 1 . . . . . . . . . 1 Derelict Logs Recovered 5 | . . . . . . . . 2 2 . 1 . . . . . Drone Launches 3 | . . . . . . . . . 3 . . . . . . . Drone Recoveries 3 | . . . . . . . . . 3 . . . . . . . Exploration | -11 -10 -9 -9 -8 -8 -8 -7 -7 -7 -7 -6 -6 -6 -6 -6 -6 ------------- Run | Yrd Mat Mat Min Mat Gar Mat Fac Low Low Dat Pro Fac Ext Cet Arc Hub Turns Passed 13826 | 55 1355 2413 94 547 1450 1156 1027 289 460 88 600 807 939 681 1087 778 Spaces Moved 10740 | 38 791 939 56 219 719 770 1298 678 902 83 626 1296 960 429 582 354 Core 5 | 5 . . . . . . . . . . . . . . . . Treads 2848 | . 79 939 56 165 542 . . . . . . . . 131 582 354 Legs 1506 | 33 712 . . 54 177 530 . . . . . . . . . . Wheels . | . . . . . . . . . . . . . . . . . Hover 6381 | . . . . . . 240 1298 678 902 83 626 1296 960 298 . . Flight . | . . . . . . . . . . . . . . . . . Fastest Speed 34 | 50 120 160 160 120 110 110 34 40 38 107 38 36 48 58 160 160 Average Speed 96 | 114 139 206 160 154 147 113 43 40 42 107 73 46 52 133 160 160 Slowest Speed 320 | 120 320 240 160 240 186 121 240 40 102 107 118 110 108 160 160 160 Overloaded Moves 1 | . . . . . . . . . . . 1 . . . . . Propulsion Burnouts . | . . . . . . . . . . . . . . . . . Robots Hopped . | . . . . . . . . . . . . . . . . . Cave-ins Triggered 1 | . . . . . . . . . . . . . . . . 1 Exploration Rate (%) 60 | 4 99 67 11 13 62 62 38 78 98 69 80 33 86 87 98 49 Regions Visited 16 Branch Regions 9 Pre-discovered Areas 3 | . . . . . . . . 2 . 1 . . . . . . Known Exits Taken 6 | . . 1 . 1 . . 1 . . . 1 1 . . 1 . Unknown Exits Taken 9 | 1 1 . 1 . . 1 . 1 1 1 . . 1 1 . . Scrap Searched 10 | . . . . . . . . 3 3 . 4 . . . . . Spaces Dug 22 | . . . . . . 1 2 . . . 13 . 2 4 . . Terrain Destroyed 658 | . . 19 . 16 74 13 2 8 6 . 124 1 39 77 15 264 Melee 6 | . . . . . . 1 . . . . . . 1 4 . . Projectile 96 | . . . . 16 1 12 2 . 6 . 10 1 8 . 15 25 AOE 556 | . . 19 . . 73 . . 8 . . 114 . 30 73 . 239 Terrain Rammed . | . . . . . . . . . . . . . . . . . Walls Destroyed . | . . . . . . . . . . . . . . . . . Machines Disabled . | . . . . . . . . . . . . . . . . . Actions | -11 -10 -9 -9 -8 -8 -8 -7 -7 -7 -7 -6 -6 -6 -6 -6 -6 --------- Run | Yrd Mat Mat Min Mat Gar Mat Fac Low Low Dat Pro Fac Ext Cet Arc Hub Total 12886 | 46 914 1178 63 336 953 941 1604 691 956 82 700 1446 1324 505 683 464 Wait 713 | . 18 18 . 15 83 59 122 5 26 . 1 54 262 16 20 14 Move 10724 | 37 790 938 55 218 718 769 1297 677 901 82 625 1295 959 428 581 354 Hop . | . . . . . . . . . . . . . . . . . Pick Up 135 | 3 9 33 4 8 10 11 11 1 3 . 8 15 6 5 4 4 Fast Attach 98 | 6 . 5 . 9 8 7 19 1 1 . 1 16 2 10 8 5 Attach 60 | . 4 7 . 8 5 1 8 . 2 . 2 7 4 5 . 7 Detach 39 | . . 5 . 7 3 2 9 . 2 . . 1 . 3 5 2 Swap 148 | . 14 15 . 8 14 10 17 3 8 . 10 7 13 8 8 13 Drop 190 | . 13 32 4 15 21 18 23 2 4 . 7 23 3 9 8 8 Fire 705 | . 66 125 . 48 91 63 87 2 9 . 46 28 22 14 49 55 Melee 33 | . . . . . . 1 11 . . . . . 14 7 . . Ram . | . . . . . . . . . . . . . . . . . Kick . | . . . . . . . . . . . . . . . . . Crush . | . . . . . . . . . . . . . . . . . Escape Stasis 12 | . . . . . . . . . . . . . 12 . . . Rewire 27 | . . . . . . . . . . . . . 27 . . . Trap 2 | . . . . . . . . . . . . . . . . 2 Miscellaneous . | . . . . . . . . . . . . . . . . . Route ------- -11/Scrapyard -10/Materials (discovered 6 exits: *Mat x3 / [*Min x2] / [*Sub]) -9/Materials (discovered 2 exits: *Mat / *Min) -9/Mines -8/Materials -8/Garrison (discovered 4 exits: *Mat x4) -8/Materials -7/Factory (discovered 4 exits: *Fac / Sto / *Low x2) -7/Lower Caves -7/Lower Caves (discovered 2 exits: *Fac / *Dat) -7/Data Miner -6/Proximity Caves -6/Factory (discovered 6 exits: *Fac x3 / *Low x2 / *Ext) -6/Extension (discovered 2 exits: *Fac / *Cet) -6/Cetus (discovered 2 exits: *Fac / *Arc) -6/Archives (discovered 3 exits: *Fac / *Hub x2) -6/Hub_04(d) (discovered 2 exits: *Fac x2) History --------- Turn | Location | Event 11 | -11/Scrapyard | Discovered new exit (range 15) 56 | -11/Scrapyard | Entered Materials 193 | -10/Materials | Discovered new exit (range 8) 315 | -10/Materials | Build established: Mutant 345 | -10/Materials | Discovered new exit (range 15) 488 | -10/Materials | Discovered new exit (range 15) 656 | -10/Materials | Discovered new exit (range 8) 683 | -10/Materials | Discovered new exit (range 15) 1366 | -10/Materials | Discovered new exit (range 10) 1411 | -10/Materials | Entered another Materials area 1411 | -9/Materials | Evolved 2 slots: Propulsion x1, Utility x1 1872 | -9/Materials | Build established: Scavenger-Mutant 1902 | -9/Materials | Discovered new exit (range 12) 2746 | -9/Materials | Identified exit to Mines 2848 | -9/Materials | Discovered new exit (range 16) 3387 | -9/Materials | Build established: Mutant 3618 | -9/Materials | Core integrity fell below 50% 3824 | -9/Materials | Entered Mines 3827 | -9/Mines | Met a Derelict shopkeep closing up shop 3888 | -9/Mines | Discovered new exit (range 15) 3918 | -9/Mines | Entered Materials 3918 | -8/Materials | Evolved 2 slots: Utility x2 4005 | -8/Materials | Garrison activated, responded to threat 4145 | -8/Materials | Identified exit to Garrison 4316 | -8/Materials | Garrison activated, responded to threat 4350 | -8/Materials | Build established: Scavenger-Mutant 4465 | -8/Materials | Entered Garrison 4497 | -8/Garrison | Triggered checkpoint 4551 | -8/Garrison | Discovered new exit (range 5) 4645 | -8/Garrison | Triggered checkpoint 4699 | -8/Garrison | Garrison Relay disabled 4735 | -8/Garrison | Rescued a captive Derelict 4770 | -8/Garrison | Discovered new exit (range 61) 4770 | -8/Garrison | Discovered new exit (range 55) 4770 | -8/Garrison | Discovered new exit (range 34) 4770 | -8/Garrison | Discovered new exit (range 31) 4981 | -8/Garrison | Phase Generator disabled 5331 | -8/Garrison | Triggered checkpoint 5391 | -8/Garrison | Core integrity fell below 50% 5519 | -8/Garrison | Triggered checkpoint 5568 | -8/Garrison | Garrison Relay disabled 5651 | -8/Garrison | Triggered checkpoint 5915 | -8/Garrison | Entered Materials 6003 | -8/Materials | Build established: Mutant 6746 | -8/Materials | Core integrity fell below 20% 7052 | -8/Materials | Discovered new exit (range 4) 7071 | -8/Materials | Entered Factory 7071 | -7/Factory | Evolved 2 slots: Propulsion x2 7149 | -7/Factory | Build established: Hacker-Mutant 7295 | -7/Factory | Repaired Wave Gun? 7871 | -7/Factory | First assault squad dispatched 7894 | -7/Factory | Discovered new exit (range 8) 7898 | -7/Factory | Identified exit to Factory 8041 | -7/Factory | Identified exit to Storage 8041 | -7/Factory | Identified exit to Lower Caves 8098 | -7/Factory | Entered Lower Caves 8105 | -7/Lower Caves | Met a Warlord Commander 8106 | -7/Lower Caves | Learned location of Warlord (-5) 8107 | -7/Lower Caves | Warlord Commander delivered Encrypted Comm Array 8109 | -7/Lower Caves | Found Encrypted Comm Array 8310 | -7/Lower Caves | Encountered a Warlord checkpoint 8315 | -7/Lower Caves | Learned Factory terminal intel 8362 | -7/Lower Caves | Learned location of Extension (-6) 8362 | -7/Lower Caves | Learned Armory emergency access door positions 8362 | -7/Lower Caves | Learned Research terminal intel 8369 | -7/Lower Caves | Learned Factory stockpile data 8379 | -7/Lower Caves | Discovered new exit (range 8) 8387 | -7/Lower Caves | Entered another Lower Caves area 8403 | -7/Lower Caves | Encountered a Warlord checkpoint 8616 | -7/Lower Caves | Learned location of 1 exit from Factory 8616 | -7/Lower Caves | Learned location of 1 exit from Research 8616 | -7/Lower Caves | Learned Armory stockpile data 8616 | -7/Lower Caves | Learned Research security intel 8664 | -7/Lower Caves | Discovered new exit (range 106) 8666 | -7/Lower Caves | Learned location of 1 exit from Factory 8691 | -7/Lower Caves | Learned Factory emergency access door positions 8847 | -7/Lower Caves | Entered Data Miner 8847 | -7/Data Miner | Discovered new exit (range 6) 8868 | -7/Data Miner | Met Data Miner 8888 | -7/Data Miner | Learned location of Section 7 (-2) 8888 | -7/Data Miner | Acquired the access code to Warlord's prototype stash 8907 | -7/Data Miner | Received God Mode back door access code from Data Miner 8935 | -7/Data Miner | Entered Proximity Caves 9031 | -6/Proximity Caves | Destroyed 8 combat bots 9046 | -6/Proximity Caves | Spotter reported a threat 9111 | -6/Proximity Caves | Learned Factory terminal intel 9171 | -6/Proximity Caves | Spotter reported a threat 9535 | -6/Proximity Caves | Entered Factory 9535 | -6/Factory | Evolved 2 slots: Propulsion x1, Utility x1 9536 | -6/Factory | Identified exit to Factory 9537 | -6/Factory | Identified exit to Lower Caves 9537 | -6/Factory | Identified exit to Extension 9540 | -6/Factory | Loaded intel: 27 terminal locations 9796 | -6/Factory | Repaired Cmb. Gravmag System 9885 | -6/Factory | Search patrols dispatched 10127 | -6/Factory | Discovered exit to Lower Caves (range 3) 10231 | -6/Factory | Cargo convoy interrupted 10264 | -6/Factory | Discovered exit to Factory (range 7) 10342 | -6/Factory | Entered Extension 10371 | -6/Extension | Rescued a captive Derelict 10372 | -6/Extension | Rescued a captive Derelict 10770 | -6/Extension | Spotted B-75 Beast 10770 | -6/Extension | Spotted B-75 Beast 10781 | -6/Extension | Lost 4 allies 10968 | -6/Extension | Rescued a captive Derelict 10977 | -6/Extension | Rescued a captive Derelict 10978 | -6/Extension | Rescued a captive Derelict 10987 | -6/Extension | Lost 3 parts (1n1u1w) 10990 | -6/Extension | Rescued a captive Derelict 11039 | -6/Extension | Rescued a captive Derelict 11133 | -6/Extension | Rescued A7 11164 | -6/Extension | Rescued a captive Derelict 11243 | -6/Extension | Discovered exit to Factory (range 10) 11244 | -6/Extension | Discovered new exit (range 6) 11281 | -6/Extension | Entered Cetus 11281 | -6/Cetus | Accompanied by 7 allies (A7) 11286 | -6/Cetus | Acquired a Cetus Manufacturing Module code from A7 11292 | -6/Cetus | Spotted Cetus Guard 11292 | -6/Cetus | Spotted Cetus Guard 11292 | -6/Cetus | Spotted Cetus Guard 11292 | -6/Cetus | Spotted Cetus Guard 11299 | -6/Cetus | Allies destroyed Cetus Guard 11307 | -6/Cetus | Allies destroyed Cetus Guard 11307 | -6/Cetus | Allies destroyed Cetus Guard 11318 | -6/Cetus | Destroyed Cetus Guard 11345 | -6/Cetus | Lost 3 parts (2n1u) 11345 | -6/Cetus | Lost 4 allies 11466 | -6/Cetus | Started Cetus Manufacturing Module 11476 | -6/Cetus | Escorted A7 to Cetus Mainframe 11491 | -6/Cetus | Manufactured an Enhanced Grunt 11516 | -6/Cetus | Manufactured an Enhanced Grunt 11541 | -6/Cetus | Manufactured an Enhanced Grunt 11566 | -6/Cetus | Manufactured an Enhanced Grunt 11591 | -6/Cetus | Manufactured an Enhanced Grunt 11667 | -6/Cetus | Discovered new exit (range 15) 11688 | -6/Cetus | Spotted Cetus Guard 11688 | -6/Cetus | Spotted Cetus Guard 11692 | -6/Cetus | Spotted Cetus Guard 11693 | -6/Cetus | Allies destroyed Cetus Guard 11696 | -6/Cetus | Spotted Cetus Guard 11702 | -6/Cetus | Allies destroyed Cetus Guard 11703 | -6/Cetus | Allies destroyed Cetus Guard 11710 | -6/Cetus | Allies destroyed Cetus Guard 11711 | -6/Cetus | Discovered exit to Factory (range 15) 11725 | -6/Cetus | Met Revision 17 11751 | -6/Cetus | System corruption reached 10% 11962 | -6/Cetus | Entered Archives 11962 | -6/Archives | Accompanied by 7 allies (A7) 11967 | -6/Archives | Received a hacking code to weaken MAIN.C 12014 | -6/Archives | Unable to access archive contents 12020 | -6/Archives | Discovered new exit (range 16) 12031 | -6/Archives | Discovered new exit (range 16) 12049 | -6/Archives | Unable to access archive contents 12065 | -6/Archives | Unable to access archive contents 12065 | -6/Archives | Unable to access archive contents 12090 | -6/Archives | Unable to access archive contents 12108 | -6/Archives | Discovered exit to Factory (range 12) 12233 | -6/Archives | Build established: Scavenger-Mutant 12561 | -6/Archives | Unable to access archive contents 12586 | -6/Archives | Identified exit to Hub_04(d) 12724 | -6/Archives | Found Prototype Device 12724 | -6/Archives | Identified Exp. Thermal Shield 13049 | -6/Archives | Entered Hub_04(d) 13049 | -6/Hub_04(d) | Accompanied by 4 allies 13296 | -6/Hub_04(d) | Core integrity fell below 50% 13399 | -6/Hub_04(d) | First assault squad dispatched 13408 | -6/Hub_04(d) | Network Hub disabled 13408 | -6/Hub_04(d) | Discovered exit to Factory (range 14) 13419 | -6/Hub_04(d) | Spotted Lightning 13424 | -6/Hub_04(d) | Crushed by falling debris 13427 | -6/Hub_04(d) | Spotted Lightning 13433 | -6/Hub_04(d) | Spotted Lightning 13442 | -6/Hub_04(d) | Core integrity fell below 20% 13451 | -6/Hub_04(d) | Destroyed Lightning 13451 | -6/Hub_04(d) | Destroyed Lightning 13457 | -6/Hub_04(d) | Destroyed Lightning 13507 | -6/Hub_04(d) | Destroyed 10 combat bots 13514 | -6/Hub_04(d) | Discovered exit to Factory (range 7) 13793 | -6/Hub_04(d) | Spotted Lightning 13800 | -6/Hub_04(d) | Spotted Lightning 13803 | -6/Hub_04(d) | Spotted Lightning 13827 | -6/Hub_04(d) | Destroyed by G-67 Veteran with Plasma Rifle Last Messages --------------- 13816_ Penetrated by EMDS Slug. 13816_ Force Field destroyed. 13816_ EMDS Slug penetrates Backup Mainframe. 13817_ Penetrated by EMDS Slug. 13818_ Slug penetrates Y-54 Guardian. 13818_ Y-54 Guardian suffers critical hit (Destroy). 13818_ Destroyed Lgt. Treads. 13818_ Slug penetrates Lightning. 13818_ Lightning suffers critical hit (Destroy). 13818_ Destroyed Prototype Leg. 13818_ Penetrated by EMDS Slug. 13820_ M-28 Smith destroyed. 13822_ Slug penetrates Lightning. 13822_ G-67 Veteran suffers critical hit (Destroy). 13822_ Destroyed Flexi-carbon Leg. 13824_ G-67 Veteran IFF system glitched. 13825_ Slug penetrates G-67 Veteran. 13825_ Hrd. Heavy Armor Plating destroyed. 13825_ Penetrated by EMDS Slug. 13827_ Overheating: Energy bleed (-25). Map ----- +----------------------------------------------------+ | ?# " = "# !=+=%==*%%[==! % #?? " | | ?# """"""""""""# =####=!!!*!! "####+#??? | | ?# #[ *####+##*%##%= %"#????????? | | ?#######################? #####|%#*#?????????? | | ??????! ???????#[ #??## =###?????????? | | ?????!%= ?????? #%* #??## ##??????????? | | ???? ????? #[ #???# #???????????? | | ???? ???? # #??## #####???????? | | ???? ??? / #### ! ## ???????? | | ?????? ? ??# / !%[ ## #???????? | | ???????? ???# ####!== ## #???????? | | ???????????#######+#????# #??# #???????? | | ????????????????????????+ #??######"=#???????? | | ????????????????????????# ##########%######### | | ????????????????????????# = # +!* /% | | ????????????????????????? # # / | | ??????????????????????????????# " " " # " " / | | ??????????????????????????????# " " " + | | ??????????????????????????????# " " " #%= | | ??????????????????????????????# #[ """ ! | | ??????????????????????????????# # ! | | ??????????????????????????????# " | | ???????????????????##################### ""T"" | | ???????????????????# i %+ """"" ! | | ???????????????????# """ g% "" #########+###### | | ?????????????????o?# """ @*""" ## ! #??? | | ???????????????????# ""hlYhg " ## ! """ """ #???? | | ????????????????# #i"" hY "" ## #????? | | ????????????????# + g ## """ """ #????? | | ????????????????# # g ## #????? | | ????????????????# ?####;###;;#;## """ """ #????? | | ??????????????????????##???###### #????? | | ????????????????????????????????#= """ """ #????? | | ????????????????????????????????# #????? | | ????????????????????????????????# """ ""???????? | | ????????????????????????????????# ????????? | | ????????????????????????????????# "?" "????????? | | ????????????????????????????????# ? ????????? | | ????????????????????????????????####???#?????????? | | ?????????????????????????????????????????????????? | | ?????????????????????????????????????????????????? | | ?????????????????????????????????????????????????? | | ?????????????????????????????????????????????????? | | ?????????????????????????????????????????????????? | | ?????????????????????????????????????????????????? | | ?????????????????????????????????????????????????? | | ?????????????????????????????????????????????????? | | ?????????????????????????????????????????????????? | | ?????????????????????????????????????????????????? | | ?????????????????????????????????????????????????? | +----------------------------------------------------+ Best States ------------- Heat Dissipation 64 Coolant Potential 80 Energy Generation 25 Energy Capacity 850 Matter Stores 300 Matter Capacity 300 Sight Range 16 Robot Scan Range 16 Terrain Scan Density 10 Armor Coverage 1200 Resistance: TH 30 Evasion (%) 58 Targeting Accuracy 8 Melee Accuracy 5 Recoil Reduction 6 Matter Filtering 50 Offensive Hacking 34 Defensive Hacking 20 Item Schematics ----------------- Combat Drone Bay | -7/Data Miner | Free Lgt. Regenerative Plating | -7/Data Miner | Free Cld. Aerolev Unit | -7/Data Miner | Free Gravity Neutralizer | -7/Data Miner | Free Cld. Plasma Cannon | -7/Data Miner | Free Antigrav System | -7/Data Miner | Free Imp. Thermal Shield | -7/Data Miner | Free Lrn. Proton Cannon | -7/Data Miner | Free Imp. Force Field | -7/Data Miner | Free Dispersion Rifle | -7/Data Miner | Free Robot Schematics ------------------ B-48 Gladiator | -7/Data Miner | Free S-27 Virus | -7/Data Miner | Free P-60 Hacker | -7/Data Miner | Free Y-54 Guardian | -7/Data Miner | Free G-50 Soldier | -7/Data Miner | Free Fabricated ------------ Nothing Alien Tech Used ----------------- None Achievements -------------- Dramatic Entrance Hehehe Main Advantage Prison Break Project G-00 Revising The Future Challenges ------------ None Game ------ Seed FrostLauncherStabilizer Manual? 0 Play Time 05:00:19 Cumulative 128.3 hours Start 2024.07.21 @ 00:11:41 End 2024.07.21 @ 05:27:05 Sessions 1 Manual Loads 0 Difficulty Rogue Special Mode None Game No. 39 Rogue 39 Adventurer 0 Explorer 0 Win Type - Total 1 Types 1/0/0/0/0/0/0/0/0 Lore% 46 Gallery% 55 Achievement% 42 Wizard Run 0 Options --------- Layout 0 ASCII 0 Keyboard 1 Movement Numpad Keybinds 0 Fullscreen 1 Font 18/X11Bold Map View 76x50 Zoom Use 0% Tactical HUD 1 Map Filters NONE Filters NONE Steam 1 RUN: a5d6dbe1-6b2e-46f6-9d7f-f103d12a712a